 Dungeon Crawl Stone Soup version 0.21-a0-352-g5b8f553 (webtiles) character file.

469 Dfrag the Firebug (level 6, -1/42 HPs)
             Began as a Demonspawn Fire Elementalist on Oct 11, 2017.
             Slain by Theed's ghost (7 damage)
             ... on level 3 of the Dungeon.
             The game lasted 00:05:26 (3267 turns).

Dfrag the Firebug (Demonspawn Fire Elementalist)    Turns: 3267, Time: 00:05:27

Health: -1/42      AC:  2    Str:  8    XL:     6   Next: 82%
Magic:  6/12       EV: 12    Int: 18    God:
Gold:   138        SH:  0    Dex: 14    Spells: 5/13 levels left

rFire    . . .     SeeInvis .   y - staff of earth
rCold    . . .     Gourm    .   (no shield)
rNeg     . . .     Faith    .   d - -2 robe (curse)
rPois    .         Spirit   .   n - +0 helmet
rElec    .         Reflect  .   (no cloak)
rCorr    .         Harm     .   (no gloves)
MR       .....                  (no boots)
Stlth    ++........             (no amulet)
HPRegen  0.14/turn              (no ring)
MPRegen  0.13/turn              (no ring)

@: no status effects
A: rugged brown scales 1, powered by death 2
a: no special abilities


You were on level 3 of the Dungeon.
You were not hungry.

You visited 1 branch of the dungeon, and saw 4 of its levels.

You collected 138 gold pieces.

Inventory:

Missiles
 f - 8 curare-tipped needles
Armour
 a - a +0 robe
 d - a cursed -2 robe (worn)
 n - a +0 helmet (worn)
Magical Staves
 y - an uncursed staff of earth (weapon)
Wands
 p - a wand of polymorph (6/24)
 t - a wand of scattershot (0/9)
Scrolls
 e - 3 scrolls of identify {unknown}
 h - a scroll of random uselessness {unknown}
 i - a scroll of enchant weapon {unknown}
 j - 2 scrolls of remove curse {unknown}
 l - a scroll of immolation {unknown}
 m - a scroll of teleportation {unknown}
 r - a scroll of magic mapping {unknown}
 u - 3 scrolls of amnesia {unknown}
 x - a scroll of fear {unknown}
 A - a scroll of fog {unknown}
Potions
 g - a potion of curing {unknown}
 k - 2 potions of might {unknown}
 o - 4 potions of lignification {unknown}
 v - a potion of berserk rage {unknown}
 w - a potion of heal wounds {unknown}
 B - a potion of magic {unknown}
Books
 b - a book of Flames

   Spells                             Type                      Level
   a - Flame Tongue                   Conjuration/Fire             1
   b - Throw Flame                    Conjuration/Fire             2
   c - Conjure Flame                  Conjuration/Fire             3
   d - Inner Flame                    Hexes/Fire                   3
   e - Sticky Flame                   Conjuration/Fire             4
   f - Fireball                       Conjuration/Fire             5
Comestibles
 c - 3 bread rations
 q - 2 meat rations
 s - 3 royal jellies


   Skills:
 - Level 1.7 Dodging
 - Level 1.7 Stealth
 + Level 4.2 Spellcasting
 + Level 4.1 Conjurations
 + Level 4.6 Fire Magic


You had 5 spell levels left.
You knew the following spells:

 Your Spells              Type           Power        Failure   Level  Hunger
a - Flame Tongue          Conj/Fire      ###..        2%          1    None
b - Conjure Flame         Conj/Fire      ###.....     7%          3    ###....
c - Sticky Flame          Conj/Fire      ###.....     24%         4    ####...


Dungeon Overview and Level Annotations

Branches:
Dungeon (4/15)
 Temple: D:4-7

Altars:
Ashenzari
Gozag
Wu Jian

Annotations:
D:3 Theed's ghost, amateur MiFi


Innate Abilities, Weirdness & Mutations

You are partially covered in rugged brown scales. (AC +1, +3% HP)
You regenerate health from kills.


Message History

Theed's ghost is moderately damaged.
Theed's ghost hits you.
Casting: Flame Tongue
Confirm with . or Enter, or press ? or * to list all spells.
Aiming: Flame Tongue
Press: ? - help, Shift-Dir - straight line, f/p - Theed's ghost
Aim: Theed's ghost (moderately damaged)
The flame tongue misses Theed's ghost.
Theed's ghost says, "I was promised divine protection.
So much for that."
Theed's ghost hits you!
* * * LOW HITPOINT WARNING * * *
What are your orders? t - Shout!
Orders for allies: a - Attack new target. p - Attack previous target. r - Retreat! s - Stop attacking. g - Guard the area. f - Follow me.
Anything else - Cancel.
You shout for attention!
Theed's ghost hits you!
You die...

..... .... #.....# #†..##. .###
...######.....###...##. ...
.......#.....'........ ####.#
#.....#.....###...... #....#
#.....#....)# #....## ##....# #.
#.....#.....###....#
.'....##....#.....#.##.........##
.#....##.#........#.##.(####.....
.#....##.#.##...@.'.....# ###.##
.#....##.#.##...W.#.##..# #.#
#####.##.#..#.....#.##.(######.##
_## #.##.##.#..........(.........
..8 #....##..##..##.##..###.##.##
...##....##......##..............
...8#...#.....#.........###.##.##
#...'.....#..#...............
#...#...................##'##


You could see Theed's ghost.

Vanquished Creatures
  Eustachio (D:4)
  A phantom (D:4)
  A hound (D:4)
  An orc priest (D:3)
  2 worker ants (D:4)
  4 gnolls (D:3)
  3 adders
  A worm (D:4)
  A dart slug (D:1)
  3 leopard geckos
  4 orcs
  4 giant cockroaches
  8 goblins
  7 hobgoblins
  2 jackals (D:2)
  8 kobolds
  A quokka (D:4)
  A ball python (D:1)
  3 bats
  7 frilled lizards
  4 rats
67 creatures vanquished.

Notes
Turn   | Place    | Note
-------+----------+-------------------------------------------
     0 | D:1      | Dfrag the Demonspawn Fire Elementalist began the quest for the Orb.
     0 | D:1      | Reached XP level 1. HP: 13/13 MP: 3/3
   230 | D:1      | Gained mutation: You regenerate a little health from kills. [demonic ancestry]
   230 | D:1      | Reached XP level 2. HP: 19/19 MP: 0/5
   255 | D:1      | Found a shattered altar of Ashenzari.
  1230 | D:2      | Gained mutation: You regenerate health from kills. [demonic ancestry]
  1230 | D:2      | Reached XP level 3. HP: 24/24 MP: 3/6
  1869 | D:3      | Found an ornate altar of the Wu Jian Council.
  1967 | D:3      | Reached XP level 4. HP: 30/30 MP: 4/8
  1991 | D:3      | Noticed Theed's ghost (amateur MiFi)
  2071 | D:4      | Learned a level 3 spell: Conjure Flame
  2076 | D:4      | Learned a level 4 spell: Sticky Flame
  2195 | D:4      | Noticed Eustachio
  2237 | D:4      | Gained mutation: You are partially covered in rugged brown scales. (AC +1, +3% HP) [demonic ancestry]
  2237 | D:4      | Reached XP level 5. HP: 20/36 MP: 1/9
  2322 | D:4      | Noticed a centaur
  2333 | D:4      | Noticed a phantom
  2393 | D:4      | Killed a phantom
  2515 | D:4      | Killed Eustachio
  2515 | D:4      | Reached XP level 6. HP: 27/42 MP: 2/12
  2767 | D:3      | HP: 2/42 [gnoll/spear (6)]
  3089 | D:3      | Found an opulent altar of Gozag.
  3267 | D:3      | Slain by Theed's ghost

Vault maps used:
D:1:      lemuel_arrival_tunnels, nrook_mini_vaults,
          nicolae_ashenzari_panopticon
D:3:      marbit_many_paths, nicolae_overflow_hidden_temple,
          nicolae_gozag_seed_capital, minmay_close_crescents
D:4:      kennysheep_little_box, serial_shops,
          nicolae_shop_temple_entry_statues_fountains, uniq_eustachio

Skill      XL: |  1  2  3  4  5  6 |
---------------+-------------------+-----
Fire Magic     | 3 4 |  4.6
Conjurations   | 2 3 4 |  4.1
Spellcasting   | 3 4 |  4.2
Dodging        | |  1.7
Stealth        | |  1.7

Action                   |  1- 3 |  4- 6 || total
-------------------------+-------+-------++-------
Melee: Unarmed           |    22 |     3 ||    25
       Staff             |       |    17 ||    17
 Cast: Flame Tongue      |    75 |    83 ||   158
       Sticky Flame      |       |     4 ||     4
Evoke: Wand              |       |     1 ||     1
  Eat: Chunk             |     4 |     4 ||     8
Armor: Robe              |     8 |    10 ||    18
Dodge: Dodged            |    31 |    56 ||    87

Table legend:
 A = Spawn XP
 B = Non-spawn XP
 C = Spawn XP percentage of total XP
 D = Spawn monster count
 E = Non-spawn monster count
 F = Spawn count percentage of total count
 G = Total turns spent on level
                    A         B        C        D         E        F      G
               +---------+---------+-------+---------+---------+-------+---------
         Total |       0 |     671 |   0.0 |       0 |      67 |   0.0 |  3267
               +---------+---------+-------+---------+---------+-------+---------
           D:1 |       0 |      37 |   0.0 |       0 |      21 |   0.0 |  1225
           D:2 |       0 |      52 |   0.0 |       0 |      16 |   0.0 |   876
           D:3 |       0 |     136 |   0.0 |       0 |      20 |   0.0 |   563
           D:4 |       0 |     446 |   0.0 |       0 |      10 |   0.0 |   603
               +---------+---------+-------+---------+---------+-------+---------
